 Dungeon Sprint DCSS version 0.29.1-12-g30fa7ad0bf (webtiles) character file.

Game seed: 2888762976466677500

246 Groucho the Covert (level 5, 0/36 HPs)
             Began as a Spriggan Enchanter on Dec 29, 2022.
             Was a Follower of Dithmenos.
             Succumbed to a killer bee's poison
             ... in the Dungeon (Sprint IV: "Fedhas' Mad Dash").
             The game lasted 00:01:17 (86 turns).

Groucho the Covert (Spriggan Enchanter)               Turns: 86, Time: 00:01:18

Health: 0/36       AC:  2    Str:  6    XL:     5   Next: 84%
Magic:  12/14      EV: 17    Int: 17    God:    Dithmenos [*.....]
Gold:   0          SH:  0    Dex: 15    Spells: 16/16 levels left

rFire   . . .      SeeInvis +   a - +1 dagger
rCold   . . .      Faith    .   (no shield)
rNeg    . . .      Spirit   .   b - +0 robe
rPois   .          Reflect  .   (helmet restricted)
rElec   .          Harm     .   (no cloak)
rCorr   .          Rampage  .   (gloves unavailable)
Will    .....      NoTele   +   (boots unavailable)
Stlth   ..........              (no amulet)
HPRegen 0.12/turn               (no ring)
MPRegen 0.14/turn               (no ring)

@: berserking (expiring), lethally poisoned (0 -> -17), wreathed by umbra,
invisible, very quick
A: very small, no large weapons, unfitting armour, see invisible, speed 3
a: Renounce Religion


You were in the Dungeon.
You worshipped Dithmenos.
Dithmenos was aware of your devotion.
You visited 1 branch

Inventory:

Hand Weapons
 a - a +1 dagger (weapon)
Armour
 b - a +0 robe (worn)
Scrolls
 i - a scroll of blinking
Potions
 c - a potion of invisibility
 d - 2 potions of curing
 e - a potion of heal wounds
 g - 2 potions of magic


   Skills:
 + Level 5.0 Short Blades
 - Level 2.6 Dodging
 * Level 11.0 Stealth
 + Level 6.1 Spellcasting
 + Level 6.5 Hexes
 * Level 8.3 Evocations


You had 16 spell levels left.
You didn't know any spells.
Your spell library contained the following spells:

 Spells                   Type           Power      Damage    Failure   Level
 Confusing Touch          Hex            27%        N/A       2%          3
 Tukima's Dance           Hex            27%        N/A       2%          3
 Ensorcelled Hibernation  Hex/Ice        32%        N/A       4%          2
 Dazzling Flash           Conj/Hex       32%        N/A       10%         3


Dungeon Overview and Level Annotations

Branches:
Dungeon (1/1)

Altars:
Cheibriados
Dithmenos
Elyvilon
Gozag
Hepliaklqana
Kikubaaqudgha
Makhleb
Nemelex Xobeh
Okawaru
Qazlal
Ru
Sif Muna
Trog
Uskayaw
Vehumet
Wu Jian
Xom
Yredelemnul
Zin
The Shining One
Jiyva
Lugonu


Innate Abilities, Weirdness & Mutations

You are very small and have problems with some larger weapons.
You are too small for most types of armour.
You have supernaturally acute eyesight. (SInv)
You cover ground extremely quickly. (Speed+++)


Message History

You feel very sick. The killer bee stings you.
You are more poisoned.
The killer bee poisons you!
Unknown command.
You are too injured to fight recklessly!
Unknown command.
You are too injured to fight recklessly!
Unknown command.
You are too injured to fight recklessly!
Unknown command.
You are too injured to fight recklessly!
You catch the helpless killer bee completely off-guard!
You impale the killer bee!!
You kill the killer bee!
Dithmenos accepts your kill.
You are shrouded in an aura of darkness!
You feel sick. The killer bee misses you. The queen bee closely misses you.
Your Short Blades skill increases to level 5!
Your Stealth skill increases to level 11!
Your Spellcasting skill increases to level 6!
Your Evocations skill increases to level 8!
Unknown command.
Unknown command.
Unknown command.
You hit the killer bee.
The killer bee is lightly wounded.
* * * LOW HITPOINT WARNING * * *
You feel sick. The killer bee stings you!
* * * LOW HITPOINT WARNING * * *
The killer bee closely misses you.
Unknown command.
Unknown command.
Unknown command.
Unknown command.
You catch the helpless killer bee completely off-guard!
You impale the killer bee!!
You kill the killer bee!
Dithmenos accepts your kill.
You die...

#####################
#<..P#..†..#.$$$$#.⌠.
#PP..'.[...'.#[..'.._
#PPPP#.....#.#"..#...
###############'##.._
#..y♣........'...#._.
#.y†@..♣.....#$.$####
#..y..♣..♣..######
##+####+#####


You could see a queen bee (unable to see you) and 2 killer bees.

Vanquished Creatures
  A scorpion (D)
  2 killer bees (D)
  4 oklob saplings (D)
  A river rat (D)
  A rat (D)
9 creatures vanquished.

Notes
Turn   | Place    | Note
-------+----------+-------------------------------------------
     0 | D        | Groucho the Spriggan Enchanter began the quest for the Orb.
     0 | D        | Reached XP level 1. HP: 9/9 MP: 5/5
    12 | D        | Reached skill level 5 in Stealth
    12 | D        | Reached XP level 2. HP: 13/13 MP: 7/7
    14 | D        | Noticed an oklob sapling
    16 | D        | Killed an oklob sapling
    17 | D        | Reached skill level 6 in Stealth
    17 | D        | Reached XP level 3. HP: 16/16 MP: 9/9
    18 | D        | Noticed a scorpion
    18 | D        | Found the amulet of invisibility {+Inv}
    20 | D        | Killed a scorpion
    21 | D        | Reached skill level 8 in Stealth
    21 | D        | Reached skill level 5 in Hexes
    21 | D        | Reached skill level 5 in Evocations
    21 | D        | Reached XP level 4. HP: 21/21 MP: 9/11
    24 | D        | Found an opulent altar of Gozag.
    24 | D        | Found a hazy altar of Hepliaklqana.
    24 | D        | Found a burning altar of Makhleb.
    24 | D        | Found a sparkling altar of Nemelex Xobeh.
    24 | D        | Found a snail-covered altar of Cheibriados.
    24 | D        | Found a sacrificial altar of Ru.
    24 | D        | Found a shimmering blue altar of Sif Muna.
    24 | D        | Found a shimmering altar of Xom.
    24 | D        | Found a basalt altar of Yredelemnul.
    25 | D        | Found a viscous altar of Jiyva.
    25 | D        | Found a bloodstained altar of Trog.
    25 | D        | Found an ornate altar of the Wu Jian Council.
    26 | D        | Found an iron altar of Okawaru.
    26 | D        | Found a shadowy altar of Dithmenos.
    26 | D        | Found a glowing silver altar of Zin.
    27 | D        | Found an ancient bone altar of Kikubaaqudgha.
    27 | D        | Found a hide-covered altar of Uskayaw.
    28 | D        | Found a stormy altar of Qazlal.
    28 | D        | Found a white marble altar of Elyvilon.
    28 | D        | Found a glowing golden altar of the Shining One.
    29 | D        | Found a corrupted altar of Lugonu.
    29 | D        | Found a radiant altar of Vehumet.
    33 | D        | Reached skill level 9 in Stealth
    33 | D        | Reached skill level 5 in Spellcasting
    33 | D        | Reached XP level 5. HP: 24/24 MP: 9/13
    35 | D        | Became a worshipper of Dithmenos the Shadowed
    45 | D        | Reached skill level 10 in Stealth
    71 | D        | Noticed a queen bee
    84 | D        | Reached * piety under Dithmenos
    85 | D        | Reached skill level 5 in Short Blades
    85 | D        | Reached skill level 11 in Stealth
    86 | D        | Succumbed to a killer bee's poison

Illustrated notes

Levels and vault maps discovered:
D:        dungeon_sprint_fedhas [sprint_temple]

Skill      XL: |  1  2  3  4  5 |
---------------+----------------+-----
Stealth        | 5 6 8 9 11 | 11.0
Spellcasting   | 3 4 5 6 |  6.1
Hexes          | 4 5 6 |  6.5
Evocations     | 2 4 5 6 8 |  8.3
Short Blades   | 2 3 4 5 |  5.0
Dodging        | |  2.6

Action                   |  1- 3 |  4- 6 || total
-------------------------+-------+-------++-------
Melee: Dagger            |     4 |    12 ||    16
  Use: Potion            |     2 |     1 ||     3
 Stab: Invisible         |     2 |     2 ||     4
       Sleeping          |     2 |     3 ||     5
Dodge: Dodged            |       |    12 ||    12
